 Dungeon Crawl Stone Soup version 0.29.0-11-gd7f09526c8 (webtiles) character file.

Game seed: 9115272843942071289

504 SensoryNuts the Slasher (level 6, -8/52 HPs)
             Began as a Draconian Fighter on Sept 6, 2022.
             Killed by divine providence
             ... invoked by an orc priest
              (15 damage)
             ... on level 5 of the Dungeon.
             The game lasted 00:04:42 (4634 turns).

SensoryNuts the Slasher (Draconian Fighter)         Turns: 4634, Time: 00:04:42

Health: -8/52      AC:  9    Str: 16 (19) XL:     6   Next: 96%
Magic:  6/6        EV: 12    Int:  6 (8)  God:
Gold:   198        SH:  5    Dex: 12      Spells: 5/5 levels left

rFire   . . .      SeeInvis .   a - +4 long sword
rCold   . . .      Faith    .   b - +1 buckler
rNeg    . . .      Spirit   .   (body armour unavailable)
rPois   .          Reflect  .   (helmet restricted)
rElec   .          Harm     .   c - +0 cloak
rCorr   .          Rampage  .   (no gloves)
Will    .....                   e - +1 pair of boots
Stlth   ++........              (no amulet)
HPRegen 0.17/turn               (no ring)
MPRegen 0.10/turn               (no ring)

@: no status effects
A: AC +6, unfitting armour, cold-blooded
a: no special abilities


You were on level 5 of the Dungeon.
You visited 1 branch of the dungeon, and saw 5 of its levels.

You collected 198 gold pieces.

Inventory:

Hand Weapons
 a - a +4 long sword (weapon)
Armour
 b - a +1 buckler (worn)
 c - a +0 cloak (worn)
 e - a +1 pair of boots (worn)
Wands
 m - a wand of polymorph (3)
Scrolls
 g - 2 scrolls of fog
 k - a scroll of amnesia
 o - a scroll of teleportation
 p - a scroll of enchant armour
Potions
 d - 2 potions of haste
 f - a potion of magic
 h - 2 potions of resistance
 i - a potion of flight
 j - a potion of curing
 l - 2 potions of mutation {unknown}
 n - a potion of invisibility {unknown}


   Skills:
 + Level 4.2 Fighting
 * Level 6.3 Long Blades
 + Level 3.3 Dodging
 + Level 1.1 Stealth
 + Level 3.5 Shields


You had 5 spell levels left.
You didn't know any spells.
Your spell library contained the following spells:

 Spells                   Type           Power      Damage    Failure   Level
 Apportation              Tloc           0%         N/A       54%         1
 Necrotise                Necr           0%         1d4       54%         1
 Summon Small Mammal      Summ           0%         N/A       54%         1


Dungeon Overview and Level Annotations

Branches:
Dungeon (5/15)
 Temple: D:4-7

Altars:
Hepliaklqana
Trog
Xom

Shops:
D:2 !


Innate Abilities, Weirdness & Mutations

Your plain brown scales are hard. (AC +6)
You cannot fit into any form of body armour.
You are cold-blooded and may be slowed by cold attacks.


Message History

You closely miss the orc priest.
The orc priest is moderately wounded.
The orc priest closely misses you.
The orc priest hits you but does no damage.
The orc hits you with a +0 club.
The orc priest calls upon Beogh to heal the orc priest.
The orc priest's wounds heal themselves!
The orc priest attacks as you move away!
The orc priest hits you but does no damage.
The orc attacks as you move away! The orc misses you.
The orc priest misses you.
The orc priest attacks as you move away!
The orc priest barely misses you.
The orc priest miscasts a cantrip.
An adder comes into view.
The orc attacks as you move away! You block the orc's attack.
The orc priest casts a cantrip, but nothing happens.
The gnoll bouda gazes fiercely through you!
You feel your attacks grow feeble.
The adder hisses angrily.
You hear an angry growl.
The orc priest begins to cast a cantrip, but forgets the words!
A black bear comes into view.
The gnoll bouda barks out a call to the hunt!
The gnolls pick up the pace!
You hear a shout!
The orc attacks as you move away! The orc hits you with a +0 club.
The orc attacks as you move away! You block the orc's attack.
Your attacks no longer feel as feeble.
The gnoll bouda barks out a call to the hunt!
The orc priest calls down the wrath of Beogh upon you.
Beogh smites you! The adder attacks as you move away!
The adder barely misses you.
The orc priest calls down the wrath of Beogh upon you.
Beogh smites you!
* * * LOW HITPOINT WARNING * * *
The adder closely misses you.
There is a stone staircase leading up here.
The orc priest calls down the wrath of Beogh upon you.
Beogh smites you!
You die...

#.....# ###.....#
.......# ......##
##......#
###.......#
#........#
.##....#@..#
.......oS.###
............###
##.#..........#
#.......o..###
.........o>....#
................##
..>.....###og#...#
#####.##....###..#


You could see a gnoll bouda, 3 orc priests, an adder and an orc.

Vanquished Creatures
  Sigmund (D:2)
  A necrophage (D:3)
  Crazy Yiuf (D:2)
  Jessica (D:3)
  Ijyb (D:3)
  Terence (D:2)
  An iguana (D:4)
  3 gnolls (D:3)
  2 adders
  3 worms (D:2)
  3 dart slugs
  An orc (D:5)
  5 ball pythons
  10 bats
  5 endoplasms
  7 giant cockroaches
  6 goblins
  8 hobgoblins
  4 jackals (D:2)
  6 kobolds
  5 quokkas
  3 frilled lizards
  2 rats
80 creatures vanquished.

Vanquished Creatures (others)
  4 plants (D:3)
4 creatures vanquished.

Grand Total: 84 creatures vanquished

Notes
Turn   | Place    | Note
-------+----------+-------------------------------------------
     0 | D:1      | SensoryNuts the Draconian Fighter began the quest for the
                  | Orb.
     0 | D:1      | Reached XP level 1. HP: 19/19 MP: 1/1
   292 | D:1      | Reached XP level 2. HP: 19/26 MP: 2/2
   954 | D:1      | Reached XP level 3. HP: 33/33 MP: 3/3
  1024 | D:1      | Found a faded altar of an unknown god.
  1167 | D:2      | Found a runed translucent door.
  1168 | D:2      | Noticed Crazy Yiuf
  1234 | D:2      | Found Kiebu's Distillery.
  1250 | D:2      | Reached skill level 3 in Long Blades
  1400 | D:2      | Noticed Sigmund
  1418 | D:2      | HP: 1/33 [something (6)]
  1425 | D:2      | Killed Sigmund
  1426 | D:2      | Reached skill level 4 in Long Blades
  1426 | D:2      | Reached XP level 4. HP: 16/40 MP: 4/4
  1426 | D:2      | Reached XP level 5. HP: 18/46 MP: 5/5
  1870 | D:2      | Noticed Terence
  1885 | D:2      | Killed Terence
  1886 | D:2      | Reached skill level 5 in Long Blades
  2238 | D:2      | Reached XP level 6. HP: 52/52 MP: 6/6
  2449 | D:2      | Killed Crazy Yiuf
  2598 | D:3      | Found a hazy altar of Hepliaklqana.
  2665 | D:3      | Found a shimmering altar of Xom.
  2666 | D:3      | Found a bloodstained altar of Trog.
  2751 | D:3      | Noticed Jessica
  2762 | D:3      | Killed Jessica
  3023 | D:3      | Reached skill level 6 in Long Blades
  3264 | D:3      | Reached skill level 1 in Stealth
  3527 | D:3      | Noticed Ijyb
  3608 | D:3      | Killed Ijyb
  4585 | D:5      | Entered Level 5 of the Dungeon
  4634 | D:5      | Killed from afar by an orc priest

Illustrated notes

Levels and vault maps discovered:
D:1:      heliophobic_arrival_battle_scene, layout_rooms,
          ebering_ecumenical_altar_hall, minmay_misc_feat_square, chequers_jeans
D:2:      layout_loops_cross, serial_shops, nicolae_shop_waterfront,
          uniq_crazy_yiuf_cottage, uniq_terence, uniq_sigmund
D:3:      layout_basic, gammafunk_temple_overflow_statue,
          mainiacjoe_overflow_concentric_impassable, grunt_decor_resistance,
          guppyfry_early_lair_pool, uniq_jessica, uniq_ijyb
D:4:      layout_basic, supply_closet_lemuel, dk_noncrumbling_2,
          minmay_misc_feat_chi
D:5:      layout_cave_pools, nicolae_ru_path_of_blood, okawaru_trees_1,
          serial_gnoll_camp, gnoll_camp_mini_hut, gnoll_camp_mini_basic,
          gnoll_camp_mini_loothouse, gnoll_camp_mini_hut, serial_shops,
          kennysheep_little_box, grunt_ministairs_12, uniq_blork_the_orc

Skill      XL: |  1  2  3  4  5  6 |
---------------+-------------------+-----
Long Blades    | 4 5 6 |  6.3
Fighting       | 4 |  4.2
Dodging        | 3 |  3.3
Stealth        | 1 |  1.1
Shields        | |  3.5

Action                   |  1- 3 |  4- 6 || total
-------------------------+-------+-------++-------
Melee: Long sword        |   126 |   141 ||   267
       Tailslap          |    12 |    19 ||    31
  Use: Potion            |     4 |     4 ||     8
       Scroll            |     2 |    11 ||    13
 Stab: Sleeping          |     1 |     3 ||     4
Armor: Skin              |    61 |    34 ||    95
Dodge: Dodged            |   109 |    67 ||   176
Block: Buckler           |    32 |    31 ||    63
